 Dungeon Crawl Stone Soup version 0.28.0 (webtiles) character file.

Game seed: 2264429517479569139

18 kiwiEater56 the Charlatan (level 2, -2/15 HPs)
             Began as a Kobold Wanderer on Feb 9, 2022.
             Slain by a jackal (3 damage)
             ... on level 1 of the Dungeon.
             The game lasted 00:04:51 (864 turns).

kiwiEater56 the Charlatan (Kobold Wanderer)          Turns: 864, Time: 00:04:52

Health: -2/15      AC:  0    Str:  8    XL:     2   Next: 85%
Magic:  3/3        EV: 15    Int: 12    God:
Gold:   35         SH:  0    Dex: 16    Spells: 2/3 levels left

rFire   . . .      SeeInvis .   a - +0 dagger
rCold   . . .      Faith    .   (no shield)
rNeg    . . .      Spirit   .   (no armour)
rPois   .          Reflect  .   (no helmet)
rElec   .          Harm     .   (no cloak)
rCorr   .          Rampage  .   (no gloves)
Will    .....                   (no boots)
Stlth   ++........              f - amulet of magic regeneration
HPRegen 0.05/turn               (no ring)
MPRegen 0.48/turn               (no ring)

@: attractive
A: small, no large weapons, nightstalker 3
a: no special abilities


You were on level 1 of the Dungeon.
You visited 1 branch of the dungeon, and saw 1 of its levels.

You collected 35 gold pieces.

Inventory:

Hand Weapons
 a - a +0 dagger (weapon)
Missiles
 e - 14 stones
Armour
 b - a +0 scale mail
 d - a +0 buckler
Jewellery
 f - an amulet of magic regeneration (around neck)
Scrolls
 h - a scroll of teleportation {unknown}
Miscellaneous
 c - a phial of floods (inert)


   Skills:
 * Level 3.0 Short Blades
 - Level 1.5 Armour
 - Level 2.4 Dodging
 - Level 1.1 Spellcasting
 - Level 2.0 Translocations
 - Level 3.6 Evocations


You had 2 spell levels left.
You knew the following spells:

 Your Spells              Type           Power      Damage    Failure   Level
a - Apportation           Tloc           10%        N/A       13%         1

Your spell library contained the following spells:

 Spells                   Type           Power      Damage    Failure   Level
 Teleport Other           Tloc           5%         N/A       36%         3


Dungeon Overview and Level Annotations

Branches:
Dungeon (1/15)

Altars:


Innate Abilities, Weirdness & Mutations

You are small and have problems with some larger weapons.
You are completely attuned to the shadows.


Message History

The jackal is moderately wounded.
The jackal closely misses you.
You hit the jackal.
The jackal is heavily wounded.
The jackal bites you.
You hit the jackal.
The jackal is almost dead.
The jackal bites you.
* * * LOW HITPOINT WARNING * * *
Aim the phial where?
Press: ? - help, Shift-Dir - straight line, f - jackal
Aim: a jackal (asleep)
The torrent of water misses the jackal.
The torrent of water hits the jackal!
You kill the jackal!
The wave splashes down.
The jackal is engulfed in water. x2
You hear a bark!
A jackal comes into view.
The jackal barely misses you.
The jackal splashes around in the water.
You hit the jackal but do no damage.
The jackal is almost dead.
The jackal closely misses you.
You closely miss the jackal.
The jackal is almost dead.
The jackal bites you.
* * * LOW HITPOINT WARNING * * *
It was a potion of attraction.
You feel attractive to monsters.
It was a potion of magic.
Magic courses through your body. The jackal barely misses you.
You hit the jackal but do no damage. The jackal barely misses you.
You hit the jackal but do no damage.
The jackal splashes around in the water.
You hit the jackal but do no damage.
The jackal is no longer waterlogged.
The jackal misses you.
You barely miss the jackal. The jackal completely misses you.
You hit the jackal.
The jackal is heavily wounded.
The jackal bites you.
You die...

#.###..>...........#
#.# ##############.#
#### #.# ####.###...
#.# #.......... #.#
#.##..##.)#
####.##### #
##.##..# ..........
## #.##..#
###..########h≈≈
..##..#
##..#...†.@hh≈≈
......#
.....!..########
###.##..# #. #†.# #.
#.#.##. .###.#.# #
#..# #####.
##.#########.....
##.............#


You could see 3 jackals.

Vanquished Creatures
  2 endoplasms (D:1)
  A hobgoblin (D:1)
  3 jackals (D:1)
  2 quokkas (D:1)
  A ball python (D:1)
  A bat (D:1)
  4 frilled lizards (D:1)
  A goblin (D:1)
  A kobold (D:1)
  2 rats (D:1)
18 creatures vanquished.

Notes
Turn   | Place    | Note
-------+----------+-------------------------------------------
     0 | D:1      | kiwiEater56 the Kobold Wanderer began the quest for the
                  | Orb.
     0 | D:1      | kiwiEater56 set off with the following items: a +0 dagger,
                  | a +0 scale mail, a phial of floods; and the following spell
                  | memorised: Apportation; and the following spells available
                  | to memorise: Teleport Other
     0 | D:1      | Reached XP level 1. HP: 10/10 MP: 2/2
   233 | D:1      | Reached skill level 1 in Short Blades
   251 | D:1      | Reached XP level 2. HP: 8/15 MP: 3/3
   864 | D:1      | Slain by a jackal

Illustrated notes

Levels and vault maps discovered:
D:1:      minmay_arrival_three_doors, layout_loops_ring, hangedman_decor_push,
          st_stairs_3, minmay_lizard_pond

Skill      XL: |  1  2 |
---------------+-------+-----
Short Blades   | 2 3 |  3.0
Armour         | |  1.5
Dodging        | |  2.4
Spellcasting   | |  1.1
Translocations | |  2.0
Evocations     | |  3.6

Action                   || total
-------------------------++-------
Melee: Dagger            ||    67
Evoke: Phial of floods   ||     1
  Use: Potion            ||     2
 Stab: Sleeping          ||     5
Dodge: Dodged            ||    41
